AoeStats
← Racist Virgin Incel

Arena

504769710Analyzed
4v4 RM · 27d ago on Sep 6, 2026· 53m 15s· 8 players
Game mode
Random Map
Map size
Large (8 player)
Population
200
Speed
Normal
Resources
Standard
Victory
Conquest
Starting age
Dark Age
Ending age
Imperial Age
RankedLock teamsTeams togetherTeam positionsShared explorationLock speedFull tech treeHidden civsTurbo modeCheats
Victory
Defeat
🇲🇽 Portuguese · Mexico
890
+12
🇱🇹 Persians · Lithuania
875
+12
🇪🇸 Slavs · Spain
862
+13
🇧🇷 Khmer · Brazil
723
+17
🇨🇳 Persians · China
823
-15
🇻🇳 Goths · Vietnam
805
-14
🇨🇳 Khmer · China
803
-14
🇪🇸 Huns · Spain
716
-11
manu.hg94
12:14 Feudal Age
13:34 Wheelbarrow
12:41 Horse Collar
12:51 Double-Bit Axe
15:43 Stone Mining
21:05 Castle Age
22:12 Hand Cart
22:00 Heavy Plow
22:12 Bow Saw
21:56 Gold Mining
25:50 Gold Shaft Mining
30:06 Imperial Age
28:52 Marauders
30:37 Town Watch
34:12 Scale Barding Armor
35:16 Two-Man Saw
40:55 Chain Barding Armor
40:36 Padded Archer Armor
40:27 Fletching
40:39 Scale Mail Armor
40:50 Forging
40:11 Elite Skirmisher
47:00 Plate Barding Armor
47:28 Chemistry
46:49 Ballistics
46:25 Murder Holes
46:41 Masonry
观月
0:34 Loom
12:59 Feudal Age
17:58 Castle Age
21:00 Wheelbarrow
20:48 Double-Bit Axe
21:52 Hand Cart
23:21 Bow Saw
24:09 Scale Barding Armor
32:19 Imperial Age
30:43 Gold Mining
30:45 Stone Mining
30:45 Horse Collar
31:22 Forging
32:54 Gold Shaft Mining
32:23 Cavalier
35:56 Husbandry
36:08 Bloodlines
36:22 Chain Barding Armor
39:38 Plate Barding Armor
39:39 Iron Casting
38:43 Savar
40:41 Conscription
42:11 Chemistry
42:22 Elite War Elephant
45:07 Blast Furnace
45:46 Masonry
47:56 Padded Archer Armor
48:55 Stone Shaft Mining
dinhnv.mr
2:47 Loom
13:38 Feudal Age
14:15 Gold Mining
14:13 Double-Bit Axe
14:16 Horse Collar
14:30 Stone Mining
16:18 Man-at-Arms
20:57 Castle Age
20:23 Fletching
21:48 Bow Saw
21:42 Heavy Plow
22:31 Pikeman
24:40 Elite Skirmisher
25:24 Squires
25:45 Bodkin Arrow
25:51 Scale Mail Armor
25:51 Padded Archer Armor
27:03 Padded Archer Armor
28:22 Town Watch
31:00 Leather Archer Armor
34:04 Chain Mail Armor
43:21 Forging
打爆你的金针菇
9:32 Feudal Age
10:43 Double-Bit Axe
17:26 Castle Age
15:27 Horse Collar
18:33 Bow Saw
18:28 Heavy Plow
21:41 Stone Mining
21:42 Gold Mining
24:23 Gold Shaft Mining
25:35 Wheelbarrow
28:27 Loom
33:05 Imperial Age
32:19 Hand Cart
33:15 Scale Barding Armor
33:01 Fletching
33:25 Forging
36:03 Ballistics
36:43 Chemistry
37:22 Bodkin Arrow
37:48 Chain Barding Armor
38:04 Iron Casting
39:36 Crop Rotation
39:46 Elite Ballista Elephant
40:30 Tusk Swords
42:04 Siege Engineers
42:03 Elite Battle Elephant
44:52 Bloodlines
45:24 Plate Barding Armor
44:51 Bracer
46:00 Blast Furnace
48:35 Plate Barding Armor
48:03 Bracer
49:04 Blast Furnace
48:14 Bracer
49:04 Padded Archer Armor
48:59 Cavalier
49:42 Husbandry
51:36 Onager
53:23 Scale Mail Armor
Racist Virgin Incel
10:21 Feudal Age
14:56 Castle Age
12:56 Horse Collar
18:47 Man-at-Arms
20:50 Parthian Tactics
20:34 Double-Bit Axe
25:13 Fletching
25:23 Padded Archer Armor
25:28 Stone Mining
26:38 Ballistics
27:19 Husbandry
27:50 Bloodlines
29:21 Scale Barding Armor
28:58 Light Cavalry
30:02 Bodkin Arrow
30:34 Careening
30:25 Murder Holes
32:08 Chain Barding Armor
32:03 Leather Archer Armor
33:11 Bow Saw
34:39 Kamandaran
36:26 Forging
39:15 Imperial Age
38:58 Cavalier
40:30 Plate Barding Armor
40:31 Iron Casting
41:04 Heavy Cavalry Archer
45:34 Citadels
45:26 Gold Mining
45:22 Capped Ram
47:53 Savar
49:37 Blast Furnace
50:52 Two-Man Saw
49:59 Heavy Plow
50:37 Wheelbarrow
49:49 Town Watch
49:50 Loom
50:21 Thumb Ring
50:39 Conscription
52:32 Scale Mail Armor
53:03 Ring Archer Armor
diossnefru1
0:27 Loom
10:16 Feudal Age
11:43 Wheelbarrow
10:53 Horse Collar
11:37 Double-Bit Axe
21:06 Castle Age
19:10 Stone Mining
19:31 Gold Mining
22:40 Hand Cart
23:15 Caravan
25:28 Heavy Plow
25:49 Bow Saw
26:57 Fletching
27:07 Padded Archer Armor
29:22 Stone Shaft Mining
28:53 Padded Archer Armor
34:20 Imperial Age
32:52 Treadmill Crane
33:54 Masonry
33:38 Heated Shot
34:18 Bodkin Arrow
34:25 Scale Mail Armor
34:52 Ballistics
34:17 Pikeman
34:42 Arson
36:13 Two-Man Saw
36:07 Conscription
36:16 Ballistics
37:11 Chemistry
36:33 Ballistics
37:48 Arquebus
38:54 Architecture
38:31 Halberdier
39:32 Chain Mail Armor
48:50 Elite Organ Gun
49:29 Murder Holes
49:40 Siege Engineers
49:47 Careening
49:59 Leather Archer Armor
49:44 Bracer
49:55 Forging
50:15 Plate Mail Armor
MylordSoares
13:43 Feudal Age
17:07 Castle Age
15:36 Double-Bit Axe
20:11 Bow Saw
23:45 Horse Collar
24:41 Heavy Plow
28:24 Gold Mining
28:25 Stone Mining
32:14 Caravan
32:55 Gold Shaft Mining
32:56 Stone Shaft Mining
35:54 Imperial Age
34:03 Wheelbarrow
35:21 Hand Cart
35:14 Light Cavalry
36:04 Bloodlines
35:55 Husbandry
36:23 Hussar
40:53 Chemistry
41:42 Forging
41:33 Scale Mail Armor
41:38 Scale Barding Armor
42:05 Double Crossbow
42:25 Heavy Scorpion
49:50 Iron Casting
49:30 Chain Mail Armor
49:36 Chain Barding Armor
spreweel
2:04 Loom
12:19 Feudal Age
13:09 Double-Bit Axe
13:06 Horse Collar
14:04 Wheelbarrow
13:50 Gold Mining
17:42 Stone Mining
23:43 Castle Age
22:15 Scale Mail Armor
22:22 Scale Barding Armor
22:43 Fletching
23:07 Forging
25:07 Heavy Plow
25:22 Bow Saw
27:59 Hand Cart
28:06 Bodkin Arrow
28:57 Gold Shaft Mining
28:14 Town Watch
28:22 Pikeman
31:52 Imperial Age
30:23 Chain Mail Armor
33:34 Crop Rotation
34:08 Two-Man Saw
33:47 Iron Casting
33:57 Hoardings
34:39 Conscription
35:56 Caravan
37:00 Town Patrol
37:17 Masonry
37:18 Fortified Wall
37:41 Elite Boyar
38:26 Detinets
39:32 Chain Barding Armor
40:13 Blast Furnace
39:41 Ballistics
39:16 Murder Holes
40:24 Chemistry
40:55 Plate Barding Armor
40:52 Plate Mail Armor
41:18 Druzhina
41:32 Bloodlines
40:44 Cavalier
41:24 Husbandry
42:03 Padded Archer Armor
42:21 Squires
42:10 Light Cavalry
43:28 Halberdier
47:45 Hussar
Connection lost

Rejoining the realm…

Still unreachable

The connection could not be restored.

Session expired

The server has moved on; the page needs a fresh start.